 Dungeon Crawl Stone Soup version 0.25-a0-719-gde951dce62 (webtiles) character file.

Game seed: 4655410429760704005, levelgen mode: deterministic

284 Glundar the Digger (level 5, -2/38 HPs)
             Began as a Demigod Earth Elementalist on Apr 6, 2020.
             Slain by a killer bee (3 damage)
             ... on level 4 of the Dungeon.
             The game lasted 00:19:30 (3438 turns).

Glundar the Digger (Demigod Earth Elementalist)     Turns: 3438, Time: 00:19:31

Health: -2/38      AC:  3    Str: 11    XL:     5   Next: 79%
Magic:  7/12       EV: 13    Int: 21    God:
Gold:   174        SH:  0    Dex: 16    Spells: 9/10 levels left

rFire    . . .     SeeInvis +   a - +3 hand axe (vamp)
rCold    . . .     Gourm    .   (no shield)
rNeg     . . .     Faith    .   c - +0 robe
rPois    .         Spirit   .   p - +1 hat {SInv}
rElec    .         Reflect  .   (no cloak)
rCorr    .         Harm     .   (no gloves)
MR       .....                  (no boots)
Stlth    ++........             (no amulet)
HPRegen  0.12/turn              (no ring)
MPRegen  0.13/turn              (no ring)

@: mighty, lethally poisoned (-2 -> -5), very slightly contaminated, hasted,
very quick
A: high mp 1
a: no special abilities


You were on level 4 of the Dungeon.
You were not hungry.

You visited 1 branch of the dungeon, and saw 5 of its levels.

You collected 174 gold pieces.

Inventory:

Hand Weapons
 a - a +3 vampiric hand axe (weapon)
 b - a +0 hunting sling
Missiles
 f - 50 sling bullets
 u - 111 stones (quivered)
 y - 7 poisoned darts
Armour
 c - a +0 robe (worn)
 p - a +1 hat of see invisible (worn)
Jewellery
 n - an uncursed ring of wizardry {unknown}
 v - a cursed +3 ring of intelligence {unknown}
Wands
 w - a wand of enslavement (6)
Scrolls
 g - a scroll of enchant armour
 h - a scroll of amnesia
 j - a scroll of enchant weapon {unknown}
 k - 5 scrolls of teleportation
 l - a scroll of blinking {unknown}
 o - 3 scrolls of remove curse
 r - a scroll of immolation {unknown}
 x - a scroll of random uselessness {unknown}
Potions
 e - a potion of haste
 i - 2 potions of might
 m - a potion of heal wounds {unknown}
 s - a potion of brilliance {unknown}
 t - a potion of ambrosia {unknown}
Comestibles
 d - 6 rations
 q - 4 chunks of flesh


   Skills:
 + Level 0.1 Fighting
 * Level 2.3 Axes
 + Level 0.3(0.8) Slings
 + Level 1.0(1.1) Throwing
 + Level 2.1 Dodging
 + Level 2.3 Stealth
 + Level 3.2 Spellcasting
   Level 0.8 Transmutations
 + Level 3.9 Earth Magic


You had 9 spell levels left.
You knew the following spells:

 Your Spells              Type           Power        Failure   Level  Hunger
a - Sandblast             Erth           ###...       2%          1    None

Your spell library contained the following spells:

 Spells                   Type           Power        Failure   Level  Hunger
 Passwall                 Tmut/Erth      ##......     8%          2    ##.....
 Stone Arrow              Conj/Erth      ##....       17%         3    ###....
 Petrify                  Tmut/Erth      ##......     43%         4    ####...
 Lee's Rapid Deconstruct  Erth           ###.......   56%         5    ######.


Dungeon Overview and Level Annotations

Branches:
Dungeon (5/15)
 Temple: D:4-7


Innate Abilities, Weirdness & Mutations

You have an increased reservoir of magic. (+10% MP)


Message History

The blast of sand hits the killer bee!
You kill the killer bee!
u - 111 stones You feel sick.
The killer bee stings you.
The killer bee stings you but does no damage.
You feel very mighty all of a sudden. The killer bee barely misses you.
The killer bee completely misses you.
You feel a sense of dread.
a - a +3 vampiric hand axe (weapon)
The killer bee misses you.
You barely miss the killer bee.
The killer bee is severely wounded.
You feel sick. The killer bee stings you.
* * * LOW HITPOINT WARNING * * *
The killer bee stings you.
* * * LOW HITPOINT WARNING * * *
You feel yourself speed up. The killer bee stings you.
* * * LOW HITPOINT WARNING * * *
The killer bee stings you.
You die...

.(.(......
...(....
....... .#
%...(..
#..#
...$y.
..######
...yy#
###....
..#y#
##..#
#.#@# ...#
#.#.# #..#
#...# ...#
#..## ##.#
#..# #.##
#..# #..#
#..# ##.#
#.## #รท#
#.#


You could see 4 killer bees.

Vanquished Creatures
  A bullfrog (D:4)
  A killer bee (D:4)
  A hound (D:4)
  An iguana (D:4)
  2 adders
  2 oozes
  5 worms
  2 dart slugs
  An orc (D:4)
  2 giant cockroaches
  8 goblins
  8 hobgoblins
  11 jackals
  2 quokkas
  2 ball pythons
  10 bats
  4 frilled lizards
  10 kobolds
  A leopard gecko skeleton (D:4)
  5 rats
79 creatures vanquished.

Notes
Turn   | Place    | Note
-------+----------+-------------------------------------------
     0 | D:1      | Glundar the Demigod Earth Elementalist began the quest for
                  | the Orb.
     0 | D:1      | Reached XP level 1. HP: 14/14 MP: 5/5
   372 | D:1      | Reached XP level 2. HP: 20/20 MP: 2/7
  1334 | D:2      | Reached XP level 3. HP: 26/26 MP: 6/8
  1770 | D:2      | Found an iron altar of Okawaru.
  2011 | D:3      | Found a bloodstained altar of Trog.
  2157 | D:3      | Reached skill level 1 in Axes
  2286 | D:3      | You fall into a shaft and drop 2 floors!
  2286 | D:5      | Entered Level 5 of the Dungeon
  2712 | D:3      | Reached XP level 4. HP: 33/33 MP: 6/10
  2888 | D:4      | Noticed a bullfrog
  2893 | D:4      | Killed a bullfrog
  2893 | D:4      | Reached skill level 1 in Throwing
  3059 | D:4      | Reached XP level 5. HP: 38/38 MP: 6/11
  3438 | D:4      | HP: 1/38 [killer bee (4)]
  3438 | D:4      | Slain by a killer bee

Levels and vault maps discovered:
D:1:      sevenhm_arrival_forest_fort_large_2, layout_loops_ring,
          minmay_tromino_v4_b
D:2:      layout_rooms, lemuel_coloured_pillars_altar
D:3:      layout_basic, bloody_trog
D:4:      layout_rooms, first_ration
D:5:      layout_rooms, grunt_temple_overflow_diamond,
          minmay_temple_entry_statues_fountains, uniq_blork_the_orc

Skill      XL: |  1  2  3  4  5 |
---------------+----------------+-----
Dodging        | 2 |  2.1
Earth Magic    | 3 |  3.9
Stealth        | 2 |  2.3
Spellcasting   | 2 3 |  3.2
Axes           | 1 2 |  2.3
Throwing       | 1 |  1.0
Fighting       | |  0.1
Slings         | |  0.3
Transmutations | |  0.8

Action                   |  1- 3 |  4- 6 || total
-------------------------+-------+-------++-------
Melee: Whip              |     7 |       ||     7
       Hand axe          |     1 |     7 ||     8
 Fire: Hunting sling     |       |    16 ||    16
Throw: Stone             |   100 |     8 ||   108
 Cast: Sandblast         |    72 |    28 ||   100
  Use: Scroll            |     4 |     2 ||     6
       Potion            |       |     2 ||     2
 Stab: Sleeping          |     1 |       ||     1
  Eat: Chunk             |     6 |     2 ||     8
Armor: Robe              |     6 |     5 ||    11
Dodge: Dodged            |    24 |    24 ||    48

Table legend:
 A = Non-vault XP
 B = Vault XP
 C = Vault XP percentage of total XP
 D = Non-vault monster count
 E = Vault monster count
 F = Vault count percentage of total count
                 A         B        C        D         E       F
            +---------+---------+-------+---------+---------+-------
      Total |     405 |       2 |   0.5 |      77 |       2 |   2.5
            +---------+---------+-------+---------+---------+-------
        D:1 |      37 |       2 |   5.1 |      22 |       2 |   8.3
        D:2 |      33 |       0 |   0.0 |      17 |       0 |   0.0
        D:3 |      49 |       0 |   0.0 |      17 |       0 |   0.0
        D:4 |     286 |       0 |   0.0 |      21 |       0 |   0.0
            +---------+---------+-------+---------+---------+-------
